[Event "Titled Tuesday Blitz June 20 Early 2023"]
[White "Sadykov, Ramil"]
[Black "Herzog2012"]
[WhiteFideId "24113590"]
[WhiteElo "2245"]
[BlackElo "2423"]
[Result "0-1"]
[Round "4"]
[TimeControl "180+2"]
[Date "2023.06.20"]
[WhiteClock "0:00:00"]
[BlackClock "0:00:08"]
[Board "92"]

1. Nf3 Nf6 2. g3 b5 3. Bg2 Bb7 4. O-O e6 5. d3 c5 6. e4 d6 7. Re1 Be7 8. a4 a6 9. e5 dxe5 10. Nxe5 Bxg2 11. Kxg2 b4 12. Qf3 Qd5 13. Nd2 Nbd7 14. Nxd7 Qxf3+ 15. Kxf3 Kxd7 16. Nc4 Rab8 17. Bf4 Rb7 18. Be5 Rg8 19. g4 Nd5 20. Rad1 f6 21. Bg3 e5 22. h4 Nb6 23. Na5 Rc7 24. b3 Nd5 25. h5 Nc3 26. Rd2 h6 27. Nc4 Bd6 28. d4 cxd4 29. Nxd6 Kxd6 30. Rxd4+ Kc5 31. Rc4+ Kd6 32. Rxb4 Nd5 33. Rd1 Ke6 34. Rc4 Rxc4 35. bxc4 Nb6 36. c5 Nxa4 37. Rd6+ Ke7 38. Rc6 Rd8 39. Ke4 Kd7 40. Rd6+ Kc7 41. Kd5 Rxd6+ 42. cxd6+ Kd7 43. f4 Nb6+ 44. Kc5 exf4 45. Bxf4 Na4+ 46. Kb4 Nb6 47. c4 Nc8 48. Kc5 a5 49. Kd5 Nb6+ 50. Kc5 Nc8 51. Kb5 Nxd6+ 52. Bxd6 Kxd6 53. Kb6 a4 54. c5+ Ke5 55. c6 a3 56. c7 a2 57. c8=Q a1=Q 58. Qf5+ Kd6 59. Qc5+ Ke6 60. Qf5+ Ke7 61. Qc5+ Ke6 62. Qc6+ Ke5 63. Qc7+ Ke4 64. Qxg7 Qd4+ 65. Kc6 Qd5+ 66. Kc7 Qg5 67. Qh7+ Kf4 68. Qg6 Kxg4 69. Qe4+ Qf4+ 70. Qxf4+ Kxf4 71. Kd6 Kg5 72. Ke6 f5 73. Ke5 f4 74. Ke4 Kg4 75. Kd3 f3 76. Ke3 Kg3 77. Ke4 f2 78. Kf5 f1=Q+ 79. Kg6 Qf4 80. Kh7 Qg5 81. Kh8 Kf4 82. Kh7 Kf5 83. Kh8 Kf6 0-1


[Site "https://www.chess.com"]

[Event "Titled Tuesday Blitz June 20 Early 2023"]
[White "FREDERICKtheMATE"]
[Black "Ashraf, Artin"]
[BlackFideId "22514805"]
[WhiteElo "2409"]
[BlackElo "2224"]
[Result "0-1"]
[Round "4"]
[TimeControl "180+2"]
[Date "2023.06.20"]
[WhiteClock "0:01:05"]
[BlackClock "0:00:08"]
[Board "93"]

1. e4 c5 2. Nf3 d6 3. Bb5+ Nd7 4. c3 Nf6 5. Qe2 a6 6. Ba4 b5 7. Bc2 e6 8. O-O Bb7 9. d4 Be7 10. Re1 Qb6 11. a4 Rc8 12. Na3 c4 13. h3 h6 14. axb5 axb5 15. Bd2 d5 16. e5 Ne4 17. Be3 b4 18. Nb1 O-O 19. Nfd2 bxc3 20. bxc3 Qb2 21. Nxe4 Qxa1 22. Nd6 Bxd6 23. exd6 Nf6 24. Qf3 Ne4 25. Bxe4 dxe4 26. Qg3 Kh7 27. Bf4 Bd5 28. Rf1 Qa8 29. Nd2 g5 30. Be3 f5 31. Bxg5 hxg5 32. Qxg5 Qb7 33. Rb1 Qg7 34. Qh5+ Kg8 35. d7 Rcd8 36. Rb4 e3 37. Nf3 e2 38. Rb1 Bxf3 39. Qxf3 Qxd7 40. Qxe2 Rf6 41. Rb7 Qxb7 42. Qe5 Qg7 43. Qc5 Rg6 44. g3 Rf8 45. Qxc4 f4 46. g4 f3 47. Qd3 Rxg4+ 48. hxg4 Qxg4+ 49. Kf1 Qg2+ 50. Ke1 Qg1+ 51. Kd2 Qxf2+ 52. Kc1 Qe1+ 53. Kb2 Qe2+ 54. Qxe2 fxe2 55. Kb3 e1=Q 56. Kc4 Qe2+ 57. Kc5 Rf5+ 58. Kd6 Qc4 59. Ke7 Rf7+ 60. Ke8 Qc8# 0-1


[Site "https://www.chess.com"]

[Event "Titled Tuesday Blitz June 20 Early 2023"]
[White "Goldin, Roman"]
[Black "Druska, Juraj"]
[WhiteFideId "2803860"]
[BlackFideId "14915650"]
[WhiteElo "2312"]
[BlackElo "2415"]
[Result "0-1"]
[Round "4"]
[TimeControl "180+2"]
[Date "2023.06.20"]
[WhiteClock "0:00:00"]
[BlackClock "0:00:17"]
[Board "94"]

1. e4 d6 2. d4 Nf6 3. Nc3 Nbd7 4. Nf3 e5 5. g3 g6 6. Bg2 Bg7 7. O-O O-O 8. h3 Re8 9. Re1 b6 10. a4 a5 11. d5 h6 12. Nd2 Nc5 13. Kh2 Nh7 14. Nc4 f5 15. exf5 gxf5 16. Be3 Qf6 17. Qh5 Rf8 18. Rad1 Bd7 19. f4 exf4 20. gxf4 Nxa4 21. Nxa4 Bxa4 22. Bd4 Qf7 23. Qxf7+ Rxf7 24. b3 Bb5 25. Bf1 Nf6 26. Nxd6 cxd6 27. Bxb5 Ne4 28. Bc6 Raf8 29. Bxb6 Bc3 30. Rg1+ Kh7 31. Bd4 Rb8 32. Bxc3 Nxc3 33. Rde1 Rb4 34. Re6 Rxf4 35. Rgg6 Rh4 36. Rxd6 Ne4 37. Rde6 Ng5 38. Ref6 Re7 39. d6 Rxh3+ 40. Kg2 Re2+ 41. Kf1 Rxc2 0-1


[Site "https://www.chess.com"]

[Event "Titled Tuesday Blitz June 20 Early 2023"]
[White "Souleidis, Georgios"]
[Black "Suarez Uriel, Adrian"]
[WhiteFideId "4206827"]
[BlackFideId "22230874"]
[WhiteElo "2401"]
[BlackElo "2331"]
[Result "1-0"]
[Round "4"]
[TimeControl "180+2"]
[Date "2023.06.20"]
[WhiteClock "0:00:09"]
[BlackClock "0:00:14"]
[Board "95"]

1. e4 c5 2. Be2 Nc6 3. d3 e6 4. f4 d5 5. Nf3 Nf6 6. e5 Nd7 7. O-O Be7 8. c4 O-O 9. Nc3 Nb6 10. a4 dxc4 11. dxc4 Nd4 12. b3 Nxe2+ 13. Qxe2 Bd7 14. Rd1 Qc7 15. Be3 Bc6 16. Nb5 Bxb5 17. axb5 a6 18. bxa6 Rxa6 19. Rxa6 bxa6 20. Nd2 Qb7 21. Qf2 Nd7 22. Qf3 Qxf3 23. Nxf3 Rd8 24. Kf2 Kf8 25. Ra1 Nb8 26. Ke2 Rd7 27. Nd2 Ke8 28. Ne4 Rb7 29. Ra3 Rc7 30. Ra5 Rb7 31. Ra3 Rc7 32. Kd3 Kd7 33. Kc3 Kc6 34. g4 h6 35. Ra2 Kb7 36. Ra1 Nc6 37. Nd6+ Kb6 38. Nxf7 Rd7 39. f5 Nb4 40. Kb2 Rd3 41. Re1 Bh4 42. Re2 Rd1 43. fxe6 Rf1 44. Nd6 Nd3+ 45. Kc2 Nxe5 46. Nf5 Bf6 47. e7 Bxe7 48. Nxe7 Nxg4 49. Nd5+ Kc6 50. Bf4 Nf6 51. Nxf6 Rxf4 52. Nd5 Rf3 53. Ne7+ Kd7 54. Nd5 g5 55. Nc3 g4 56. Ne4 Kc6 57. Nd2 h5 58. Nxf3 gxf3 59. Rf2 1-0


[Site "https://www.chess.com"]

[Event "Titled Tuesday Blitz June 20 Early 2023"]
[White "Bauman_Guy"]
[Black "Fernandez Siles, Luis"]
[BlackFideId "2209420"]
[WhiteElo "2636"]
[BlackElo "2195"]
[Result "1-0"]
[Round "4"]
[TimeControl "180+2"]
[Date "2023.06.20"]
[WhiteClock "0:01:24"]
[BlackClock "0:00:32"]
[Board "96"]

1. e4 c5 2. Nf3 Nc6 3. d4 cxd4 4. Nxd4 Nf6 5. Nc3 e5 6. Ndb5 d6 7. Bg5 a6 8. Na3 b5 9. Bxf6 gxf6 10. Nd5 f5 11. g3 h5 12. Bg2 f4 13. c3 Bg4 14. Bf3 Rg8 15. h3 fxg3 16. hxg4 gxf2+ 17. Kxf2 hxg4 18. Bxg4 Ra7 19. Qf3 Be7 20. Rh7 Bg5 21. Bh5 Bf4 22. Rh1 Qg5 23. Ke2 Qg2+ 24. Qxg2 Rxg2+ 25. Kf3 Rxb2 26. Rh8+ Kd7 27. Bg4+ f5 28. Bxf5# 1-0


[Site "https://www.chess.com"]

[Event "Titled Tuesday Blitz June 20 Early 2023"]
[White "Alahakoon, Isuru"]
[Black "Fiorito, Joaquin"]
[WhiteFideId "9900993"]
[BlackFideId "180173"]
[WhiteElo "1819"]
[BlackElo "2199"]
[Result "0-1"]
[Round "4"]
[TimeControl "180+2"]
[Date "2023.06.20"]
[WhiteClock "0:00:00"]
[BlackClock "0:01:51"]
[Board "98"]

1. Nf3 Nf6 2. d4 d5 3. e3 c5 4. b3 Nc6 5. Bb2 cxd4 6. exd4 Bg4 7. Nbd2 e6 8. Bd3 Bd6 9. O-O O-O 10. a3 Rc8 11. Qe1 Re8 12. Ne5 Bf5 13. Qe2 Bxd3 14. Qxd3 Qc7 15. Rae1 Ne7 16. c4 dxc4 17. bxc4 b6 18. Ndf3 Red8 19. Qe2 Ng6 20. Rc1 Bxe5 21. dxe5 Nd7 22. h4 h6 23. Qe3 Nc5 24. h5 Ne7 25. Rfd1 Nf5 26. Qe2 Qc6 27. Rxd8+ Rxd8 28. Rd1 Rc8 29. Nd4 Nxd4 30. Rxd4 Na4 31. g3 Qc7 32. Bc1 Rd8 33. Rg4 Kf8 34. Be3 Qc6 35. Qc2 Nc3 36. Qh7 Rd1+ 0-1


[Site "https://www.chess.com"]

[Event "Titled Tuesday Blitz June 20 Early 2023"]
[White "Cesar Maestre, Bernardo"]
[Black "Domingo Nunez, Alejandro"]
[WhiteFideId "24542547"]
[BlackFideId "22245561"]
[WhiteElo "2271"]
[BlackElo "2291"]
[Result "0-1"]
[Round "4"]
[TimeControl "180+2"]
[Date "2023.06.20"]
[WhiteClock "0:00:09"]
[BlackClock "0:00:24"]
[Board "99"]

1. e4 g6 2. d4 Bg7 3. Nc3 c6 4. Nf3 d5 5. h3 dxe4 6. Nxe4 Nf6 7. Nxf6+ exf6 8. Be2 O-O 9. O-O a5 10. c4 Na6 11. Be3 Nc7 12. Rc1 Be6 13. b3 Qd7 14. Qd2 a4 15. Rfd1 Rfd8 16. b4 b5 17. d5 cxd5 18. c5 Qe8 19. Nd4 Rab8 20. Bf4 Rdc8 21. Bxc7 Rxc7 22. Bxb5 Rxb5 23. Nxb5 Qxb5 24. c6 a3 25. Rc5 Qb6 26. Rdc1 Bf8 27. R5c2 Bxb4 28. Rb1 Bxd2 29. Rxb6 Bf4 30. Rc3 Bd6 31. Rb7 d4 32. Rc1 Bxa2 33. Rxc7 Bxc7 34. Ra1 Bc4 35. Rxa3 d3 36. Ra1 Bb3 0-1


[Site "https://www.chess.com"]

[Event "Titled Tuesday Blitz June 20 Early 2023"]
[White "Kjartansson, David"]
[Black "Pavlidou, Ekaterini"]
[WhiteFideId "2301130"]
[BlackFideId "4213262"]
[WhiteElo "2333"]
[BlackElo "2126"]
[Result "0-1"]
[Round "4"]
[TimeControl "180+2"]
[Date "2023.06.20"]
[WhiteClock "0:00:02"]
[BlackClock "0:00:11"]
[Board "100"]

1. d4 Nf6 2. Bg5 Ne4 3. h4 h6 4. Bf4 c5 5. d5 d6 6. f3 Nf6 7. e4 g6 8. Nc3 Bg7 9. Qd2 Nh5 10. Be3 Ng3 11. Rh2 Nxf1 12. Kxf1 b5 13. Re1 b4 14. Nd1 Ba6+ 15. Ne2 Nd7 16. Kg1 Ne5 17. b3 Rc8 18. Nf4 Qa5 19. a4 c4 20. Bxa7 cxb3 21. cxb3 g5 22. hxg5 hxg5 23. Nh5 Bh6 24. Be3 f6 25. Ng3 Kf7 26. Nf5 Bg7 27. Rxh8 Rxh8 28. Nf2 Bc8 29. Rc1 Bxf5 30. exf5 Qa8 31. Ne4 Rc8 32. Rxc8 Qxc8 33. Qxb4 Qxf5 34. Qd2 g4 35. Ng3 Qb1+ 36. Qc1 Qxb3 37. a5 gxf3 38. gxf3 Nc4 39. Bf2 Nxa5 40. Qe1 Qxd5 41. Ne4 Nc4 42. Qe2 Bh6 43. Qa2 Ne3 44. Qa7 Qd1+ 45. Kh2 Qxf3 46. Nxd6+ Kg6 47. Bxe3 Bxe3 48. Qa8 Bf4+ 49. Kg1 Qxa8 0-1


[Site "https://www.chess.com"]

[Event "Titled Tuesday Blitz June 20 Early 2023"]
[White "djokovic74"]
[Black "Rodriguez Polo, Mateo"]
[BlackFideId "24509396"]
[WhiteElo "2627"]
[BlackElo "2117"]
[Result "1-0"]
[Round "4"]
[TimeControl "180+2"]
[Date "2023.06.20"]
[WhiteClock "0:00:16"]
[BlackClock "0:00:00"]
[Board "101"]

1. e4 e5 2. Nf3 Nc6 3. Bb5 a6 4. Ba4 Nf6 5. O-O Be7 6. d3 b5 7. Bb3 d6 8. a3 O-O 9. Nc3 Na5 10. Ba2 c5 11. b4 Nb7 12. Nd5 Be6 13. Nxf6+ Bxf6 14. Bxe6 fxe6 15. Be3 Rc8 16. a4 cxb4 17. axb5 axb5 18. Ra7 Nc5 19. Qb1 Qb6 20. Qa2 b3 21. cxb3 Qb8 22. b4 Nxd3 23. Qxe6+ Kh8 24. g4 Nf4 25. Qd7 Rcd8 26. Qb7 Qc8 27. Qxc8 Rxc8 28. Bxf4 exf4 29. g5 Bc3 30. Rb1 Rc4 31. Rb7 Bxb4 32. Rxb5 Bc5 33. Rb8 Kg8 34. R8b7 Rxe4 35. Rd7 Re2 36. Rbb7 Bxf2+ 37. Kf1 1-0


[Site "https://www.chess.com"]

[Event "Titled Tuesday Blitz June 20 Early 2023"]
[White "Srdanovic, Jovana"]
[Black "Wang, Alexander J"]
[WhiteFideId "954810"]
[BlackFideId "30955270"]
[WhiteElo "2155"]
[BlackElo "2291"]
[Result "0-1"]
[Round "4"]
[TimeControl "180+2"]
[Date "2023.06.20"]
[WhiteClock "0:00:00"]
[BlackClock "0:00:26"]
[Board "102"]

1. d4 d5 2. c4 e6 3. Nc3 c5 4. cxd5 exd5 5. Nf3 Nc6 6. g3 Nf6 7. Bg2 Be7 8. Bg5 O-O 9. O-O Be6 10. e3 c4 11. Ne5 h6 12. Bxf6 Bxf6 13. f4 g6 14. f5 gxf5 15. Nxc6 bxc6 16. Qh5 Kh7 17. Bh3 Bg5 18. Rf3 Qf6 19. Raf1 Qg6 20. Qxg6+ fxg6 21. Ne2 Rab8 22. Rb1 Be7 23. Nf4 Bd7 24. Rf2 Rb7 25. Ne2 Rfb8 26. Nc3 Bg5 27. Re2 Re8 28. Nd1 Bc8 29. Bg2 Rbe7 30. h4 Bxe3+ 31. Kh2 Bxd4 32. Rc2 Re2 33. Rbc1 f4 34. Kh1 Bf5 35. Rxe2 Rxe2 36. Bf3 Rd2 0-1


[Site "https://www.chess.com"]

[Event "Titled Tuesday Blitz June 20 Early 2023"]
[White "Ahmad, Khagan"]
[Black "De Souza, Cristiano Gomes"]
[WhiteFideId "13431552"]
[BlackFideId "2151758"]
[WhiteElo "2209"]
[BlackElo "2068"]
[Result "1-0"]
[Round "4"]
[TimeControl "180+2"]
[Date "2023.06.20"]
[WhiteClock "0:01:11"]
[BlackClock "0:00:07"]
[Board "103"]

1. d4 Nf6 2. c4 g6 3. Nf3 Bg7 4. g3 d6 5. Bg2 O-O 6. O-O Nc6 7. Nc3 Bf5 8. Bg5 Ne4 9. Nxe4 Bxe4 10. Be3 e5 11. dxe5 dxe5 12. Qxd8 Raxd8 13. Rfd1 h6 14. Rac1 f5 15. Nd2 Bxg2 16. Kxg2 f4 17. Bc5 Rfe8 18. Ne4 b6 19. Ba3 Kf7 20. b3 g5 21. Bb2 Ke6 22. g4 Bf8 23. h3 Nb4 24. a3 Na6 25. b4 c5 26. b5 Nc7 27. e3 Be7 28. exf4 exf4 29. f3 Rxd1 30. Rxd1 Rd8 31. Rxd8 Bxd8 32. h4 Ne8 33. h5 Nd6 34. Nxd6 Kxd6 35. Bg7 Ke6 36. Bxh6 Kf7 37. Kf2 Kg8 38. Ke2 Be7 39. Kd3 Kh7 40. Bxg5 Bxg5 41. Ke4 Kg7 42. Ke5 Kh6 43. Kf5 Bd8 44. Kxf4 Bc7+ 45. Kf5 Bb8 46. Ke6 Kg5 47. Kd7 a6 48. a4 axb5 49. axb5 Bf4 50. Kc6 Kh4 51. Kxb6 Be3 52. Kc6 Kg3 53. b6 Kxf3 54. b7 Bf4 55. h6 Kxg4 56. h7 Be5 57. h8=Q Bxh8 58. b8=Q Bd4 59. Qd6 Kf3 60. Kd5 Ke3 61. Qe6+ Kd3 62. Qe1 Bc3 63. Qe4+ Kd2 64. Kxc5 1-0


[Site "https://www.chess.com"]

[Event "Titled Tuesday Blitz June 20 Early 2023"]
[White "Kev4444444444"]
[Black "ArtemDyachuk"]
[WhiteElo "2193"]
[BlackElo "2615"]
[Result "0-1"]
[Round "4"]
[TimeControl "180+2"]
[Date "2023.06.20"]
[WhiteClock "0:00:09"]
[BlackClock "0:00:03"]
[Board "104"]

1. Nf3 Nf6 2. c4 e6 3. b3 a5 4. Nc3 d5 5. e3 Be7 6. Bb2 O-O 7. Be2 b6 8. cxd5 exd5 9. O-O Re8 10. d3 c6 11. Rc1 Bd6 12. Rc2 Nbd7 13. Nd4 Bb7 14. h3 Ne5 15. Re1 Bb8 16. Nf3 Qd6 17. g3 Qe6 18. Kg2 c5 19. Nxe5 Qxe5 20. Bf3 Qe7 21. Ne2 a4 22. b4 cxb4 23. Nd4 Be5 24. Qd2 g6 25. Rb1 h5 26. Ba1 h4 27. g4 Bd6 28. Nc6 Qe6 29. Rcc1 Rac8 30. Nd4 Qe5 31. Rh1 Qe7 32. Nb5 d4 33. Bxd4 Bxf3+ 34. Kxf3 Qb7+ 35. Ke2 Nd5 36. Nxd6 Nf4+ 37. Kd1 Qxh1+ 38. Qe1 Qf3+ 39. Kd2 b3 40. Nxc8 Rxc8 41. axb3 Ng2 42. Qe2 Qxh3 43. bxa4 Qh2 44. f3 Qg3 45. Rg1 h3 46. Bc3 Qd6 47. d4 Qa3 48. Qd3 Qa2+ 49. Qc2 Qc4 50. g5 h2 51. Rh1 Nh4 52. Qd3 Nxf3+ 53. Ke2 Ng1+ 54. Kd2 Qd5 55. e4 Qxg5+ 56. Kc2 Qg2+ 0-1


[Site "https://www.chess.com"]

[Event "Titled Tuesday Blitz June 20 Early 2023"]
[White "Brown, Raehanna"]
[Black "Principe, Gerson"]
[WhiteFideId "7402740"]
[BlackFideId "3804550"]
[WhiteElo "1655"]
[BlackElo "2229"]
[Result "0-1"]
[Round "4"]
[TimeControl "180+2"]
[Date "2023.06.20"]
[WhiteClock "0:00:00"]
[BlackClock "0:00:30"]
[Board "105"]

1. c4 e6 2. Nc3 d5 3. cxd5 exd5 4. d4 c6 5. Bf4 Bd6 6. Bg3 Ne7 7. e3 Bf5 8. Bd3 O-O 9. Nf3 f6 10. Bxf5 Nxf5 11. Qd3 Qd7 12. Bxd6 Nxd6 13. h4 Re8 14. Nd2 Na6 15. a3 Qg4 16. Qe2 Qe6 17. O-O-O c5 18. Nb3 Rac8 19. dxc5 Nxc5 20. Nd4 Qf7 21. Kb1 Nc4 22. Nf5 Red8 23. Ka2 d4 24. exd4 Ne3+ 25. d5 Nxf5 26. Qg4 Nd6 27. h5 Re8 28. Rh3 f5 29. Qg5 Qf6 30. Qg3 Nce4 31. Qd3 Nxc3+ 32. bxc3 Rc4 0-1


[Site "https://www.chess.com"]

[Event "Titled Tuesday Blitz June 20 Early 2023"]
[White "Kollars, Dmitrij"]
[Black "Shohat, Yotam"]
[WhiteFideId "12909572"]
[BlackFideId "2813955"]
[WhiteElo "2584"]
[BlackElo "2226"]
[Result "1-0"]
[Round "4"]
[TimeControl "180+2"]
[Date "2023.06.20"]
[WhiteClock "0:02:22"]
[BlackClock "0:00:46"]
[Board "106"]

1. g3 c5 2. Bg2 Nc6 3. c4 g6 4. Nc3 Bg7 5. Nf3 e6 6. O-O Nge7 7. d4 cxd4 8. Nb5 O-O 9. Nbxd4 d5 10. cxd5 Nxd4 11. Nxd4 Nxd5 12. h4 Qb6 13. Nb3 Rd8 14. Bd2 a5 15. Qe1 a4 16. Ba5 Rxa5 17. Nxa5 Qxb2 18. Rb1 Qxa2 19. Nxb7 Bxb7 20. Rxb7 a3 21. Qa5 Bb2 22. Qxd8+ 1-0


[Site "https://www.chess.com"]

[Event "Titled Tuesday Blitz June 20 Early 2023"]
[White "Eljanov, Pavel"]
[Black "Berezin, Viktor"]
[WhiteFideId "14102951"]
[BlackFideId "14107872"]
[WhiteElo "2598"]
[BlackElo "2310"]
[Result "1-0"]
[Round "4"]
[TimeControl "180+2"]
[Date "2023.06.20"]
[WhiteClock "0:01:32"]
[BlackClock "0:00:04"]
[Board "107"]

1. d4 Nf6 2. c4 g6 3. Nc3 Bg7 4. e4 O-O 5. h3 d6 6. Be3 c6 7. Nf3 Nbd7 8. Be2 e5 9. d5 c5 10. Nd2 Ne8 11. g4 Bf6 12. Nf3 Bg7 13. Rg1 a6 14. a4 b6 15. h4 Rb8 16. h5 b5 17. axb5 axb5 18. Nxb5 Nb6 19. b3 Bd7 20. Nc3 Ra8 21. Kd2 Nc7 22. Ne1 Na6 23. Nc2 Qc7 24. Rh1 Rfb8 25. hxg6 hxg6 26. Qg1 Kf8 27. Qh2 Nc8 28. Bh6 Bxh6+ 29. Qxh6+ Ke7 30. Qg5+ f6 31. Rh7+ 1-0


[Site "https://www.chess.com"]

[Event "Titled Tuesday Blitz June 20 Early 2023"]
[White "Ismayil, Malak"]
[Black "Drozdowski, Kacper"]
[WhiteFideId "13412604"]
[BlackFideId "1136720"]
[WhiteElo "1868"]
[BlackElo "2497"]
[Result "0-1"]
[Round "4"]
[TimeControl "180+2"]
[Date "2023.06.20"]
[WhiteClock "0:00:00"]
[BlackClock "0:00:20"]
[Board "108"]

1. e4 c5 2. Nf3 e6 3. c3 d5 4. exd5 Qxd5 5. Be2 Nf6 6. O-O Nc6 7. d4 Be7 8. Bf4 O-O 9. c4 Qf5 10. Be3 cxd4 11. Nxd4 Nxd4 12. Qxd4 Bd7 13. Bf3 e5 14. Qd2 e4 15. Be2 Be6 16. Nc3 Rfd8 17. Qc2 Rac8 18. b3 a6 19. a4 h5 20. Rfd1 Qe5 21. h3 Bd6 22. Rxd6 Rxd6 23. Qc1 Rd7 24. Bf1 Ne8 25. g3 Nd6 26. Bg2 Nf5 27. Bf4 Qd4 28. Nxe4 b5 29. axb5 axb5 30. c5 Bxb3 31. Qa3 Bd5 32. Re1 b4 33. Qa4 Bc6 34. Qa6 Rdd8 35. Bg5 Re8 36. Bf3 b3 37. Rd1 Qe5 38. Nf6+ gxf6 39. Bxc6 fxg5 40. Bxe8 Rxe8 41. Qb5 b2 42. Kg2 Rc8 0-1


[Site "https://www.chess.com"]

[Event "Titled Tuesday Blitz June 20 Early 2023"]
[White "Escanor89"]
[Black "Xu, Yi"]
[BlackFideId "8605564"]
[WhiteElo "2518"]
[BlackElo "2460"]
[Result "0-1"]
[Round "4"]
[TimeControl "180+2"]
[Date "2023.06.20"]
[WhiteClock "0:00:02"]
[BlackClock "0:00:52"]
[Board "109"]

1. c4 e5 2. Nc3 Nf6 3. Nf3 Nc6 4. e3 Bb4 5. Qc2 Bxc3 6. bxc3 O-O 7. e4 d6 8. g3 h6 9. Bg2 Be6 10. d3 Qd7 11. O-O Bh3 12. Nh4 Bxg2 13. Kxg2 Ne7 14. f4 exf4 15. Bxf4 Nh7 16. Be3 f5 17. exf5 Nxf5 18. Nxf5 Rxf5 19. Rxf5 Qxf5 20. Rf1 Qg6 21. Bd4 Re8 22. Qd2 Ng5 23. h4 Qh5 24. Rf2 Ne6 25. Be3 Qg4 26. Qe2 Nf4+ 0-1


[Site "https://www.chess.com"]

[Event "Titled Tuesday Blitz June 20 Early 2023"]
[White "Kobo, Ori"]
[Black "Akylbek2021"]
[WhiteFideId "2812320"]
[WhiteElo "2454"]
[BlackElo "2516"]
[Result "0-1"]
[Round "4"]
[TimeControl "180+2"]
[Date "2023.06.20"]
[WhiteClock "0:00:05"]
[BlackClock "0:00:34"]
[Board "110"]

1. e4 e6 2. d4 d5 3. Nc3 Bb4 4. Ne2 dxe4 5. a3 Bxc3+ 6. Nxc3 Nf6 7. Bg5 h6 8. Bh4 Nbd7 9. Nxe4 b6 10. Bb5 Bb7 11. Nxf6+ gxf6 12. Qg4 Qe7 13. O-O-O O-O-O 14. f3 Rhg8 15. Qf4 Rxg2 16. Bxd7+ Qxd7 17. Bxf6 Qc6 18. Rd2 Rdg8 19. d5 exd5 20. c3 Rxd2 21. Kxd2 Qb5 22. Kc1 Rg2 23. c4 Qb3 24. Qf5+ Kb8 25. Re1 a5 26. c5 Ba6 27. cxb6 Qxb6 28. Qxd5 Qxf6 29. Re8+ Bc8 30. Qb5+ Qb6 0-1


[Site "https://www.chess.com"]

[Event "Titled Tuesday Blitz June 20 Early 2023"]
[White "Simonian, Hrair"]
[Black "Shapiro, Viktor"]
[WhiteFideId "13302337"]
[BlackFideId "4175700"]
[WhiteElo "2447"]
[BlackElo "2212"]
[Result "1-0"]
[Round "4"]
[TimeControl "180+2"]
[Date "2023.06.20"]
[WhiteClock "0:01:37"]
[BlackClock "0:00:07"]
[Board "111"]

1. e4 c5 2. Nc3 Nc6 3. Bb5 g6 4. Bxc6 bxc6 5. d4 cxd4 6. Qxd4 f6 7. Nf3 Bg7 8. Be3 Nh6 9. h4 Nf7 10. h5 g5 11. O-O-O d6 12. Nxg5 Nxg5 13. h6 Bxh6 14. Rxh6 Nf7 15. Rh4 Be6 16. Rdh1 h6 17. Bxh6 Qa5 18. b3 Kd7 19. Bd2 Rxh4 20. Rxh4 Rg8 21. g3 Ne5 22. Na4 Qb5 23. Qxa7+ Ke8 24. Rh7 Bf7 25. Nb6 1-0


[Site "https://www.chess.com"]

[Event "Titled Tuesday Blitz June 20 Early 2023"]
[White "Sattarov, Bobir"]
[Black "Yelisieiev, Yevhenii"]
[WhiteFideId "14203081"]
[BlackFideId "14139642"]
[WhiteElo "2351"]
[BlackElo "2403"]
[Result "1-0"]
[Round "4"]
[TimeControl "180+2"]
[Date "2023.06.20"]
[WhiteClock "0:00:57"]
[BlackClock "0:00:01"]
[Board "112"]

1. e4 d6 2. d4 Nf6 3. Nc3 e5 4. Nge2 c6 5. g3 b5 6. Bg2 Bb7 7. O-O Be7 8. h3 O-O 9. g4 b4 10. Nb1 exd4 11. Nxd4 g6 12. Nd2 Re8 13. Re1 c5 14. Ne2 Bf8 15. Ng3 Nbd7 16. g5 Nh5 17. Nxh5 gxh5 18. Qxh5 d5 19. Nf1 dxe4 20. Bf4 Qe7 21. Ng3 Bg7 22. Nxe4 Kh8 23. Rad1 Rad8 24. Re3 Ne5 25. Rde1 Qf8 26. Nf6 Bxf6 27. Bxb7 Ng6 28. Bg3 Bxb2 29. Be4 Bd4 30. R3e2 Qg7 31. Bd3 Rxe2 32. Rxe2 Qf8 33. Qf3 Re8 34. Bc4 Rxe2 35. Qxe2 Qe7 36. Qg4 Kg7 37. h4 Ne5 38. Qe2 Ng6 39. Qf3 Qe1+ 40. Kg2 Qe7 41. Bd5 Ne5 42. Qf5 Ng6 43. h5 Nf8 44. Be4 Qe6 45. Qf3 Be5 46. Bd5 Qd6 47. Qxf7+ Kh8 48. Qg8# 1-0


[Site "https://www.chess.com"]

[Event "Titled Tuesday Blitz June 20 Early 2023"]
[White "Bruedigam, Martin"]
[Black "Vakhlamov, Igor L."]
[WhiteFideId "24608033"]
[BlackFideId "24126748"]
[WhiteElo "2331"]
[BlackElo "2407"]
[Result "0-1"]
[Round "4"]
[TimeControl "180+2"]
[Date "2023.06.20"]
[WhiteClock "0:00:01"]
[BlackClock "0:00:43"]
[Board "113"]

1. d4 d5 2. c4 e6 3. Nc3 c5 4. e3 Nf6 5. Nf3 Nc6 6. a3 Ne4 7. cxd5 exd5 8. Bd3 Nxc3 9. bxc3 Bd6 10. O-O O-O 11. dxc5 Bxc5 12. c4 dxc4 13. Bxc4 Qf6 14. Rb1 Rd8 15. Qe2 Bg4 16. Bb2 Qg6 17. Rbc1 Bd6 18. Kh1 Qh5 19. h3 Re8 20. Rfd1 Rad8 21. Rd5 Be5 22. Rxd8 Rxd8 23. Bxf7+ Kxf7 24. Qc4+ Be6 25. Nxe5+ Qxe5 26. Bxe5 Bxc4 0-1


[Site "https://www.chess.com"]

[Event "Titled Tuesday Blitz June 20 Early 2023"]
[White "Starozhilov, Leonid"]
[Black "Vyatkin, Dmitry"]
[WhiteFideId "14106752"]
[BlackFideId "4171900"]
[WhiteElo "2352"]
[BlackElo "2279"]
[Result "1-0"]
[Round "4"]
[TimeControl "180+2"]
[Date "2023.06.20"]
[WhiteClock "0:00:15"]
[BlackClock "0:00:14"]
[Board "114"]

1. e4 e6 2. d4 d5 3. Nc3 Nf6 4. Bg5 Be7 5. e5 Nfd7 6. h4 h6 7. Bxe7 Qxe7 8. f4 O-O 9. Nf3 c5 10. Qd2 Nc6 11. g4 cxd4 12. Nxd4 f6 13. O-O-O fxe5 14. fxe5 Ndxe5 15. g5 Nxd4 16. Qxd4 Nf3 17. Qe3 hxg5 18. Nxd5 Qf7 19. hxg5 exd5 20. Bd3 g6 21. Rh6 Ne5 22. Qxe5 Qf4+ 23. Qxf4 Rxf4 24. Rxg6+ Kf7 25. Rh1 Ke7 26. Rh7+ Rf7 27. Rgg7 Rxg7 28. Rxg7+ Kd6 29. Rg8 Ke7 30. Bf5 1-0


[Site "https://www.chess.com"]

[Event "Titled Tuesday Blitz June 20 Early 2023"]
[White "Urbina Perez, Juan Antonio"]
[Black "Marek, Matyas"]
[WhiteFideId "2217368"]
[BlackFideId "335398"]
[WhiteElo "2197"]
[BlackElo "2302"]
[Result "0-1"]
[Round "4"]
[TimeControl "180+2"]
[Date "2023.06.20"]
[WhiteClock "0:01:19"]
[BlackClock "0:01:15"]
[Board "115"]

1. Nf3 Nf6 2. d4 g6 3. Nc3 d5 4. Bg5 Bg7 5. Qd2 c5 6. Bh6 O-O 7. Bxg7 Kxg7 8. dxc5 Nc6 9. O-O-O Qa5 10. Kb1 Rd8 11. Nd4 Qxc5 12. Nxc6 bxc6 13. Qd4 Qxd4 14. Rxd4 e5 15. Rd1 Ng4 16. Re1 Nxf2 17. Rg1 d4 18. Nd1 Nxd1 19. Rxd1 Bf5 20. h3 c5 21. g4 Be6 22. Bg2 Rac8 23. e3 f6 24. e4 c4 25. Rgf1 c3 26. b3 a5 27. Rf2 Rd6 28. a4 d3 29. Bf1 d2 30. Rf3 Bxb3 31. Bb5 Be6 32. Rg3 Rd4 33. Re3 Rb4+ 34. Ka1 Rb2 35. Rf1 Rxc2 0-1


[Site "https://www.chess.com"]